 Dungeon Crawl Stone Soup version 0.30-a0-371-gad7725a93e (webtiles) character file.

Game seed: 3157906087953229977

49 Bnni the Shield-Bearer (level 4, -3/37 HPs)
             Began as a Formicid Fighter on Nov 22, 2022.
             Slain by Terence
             ... wielding a +0 flail
              (7 damage)
             ... on level 3 of the Dungeon.
             The game lasted 00:02:14 (1491 turns).

Bnni the Shield-Bearer (Formicid Fighter)           Turns: 1491, Time: 00:02:15

Health: -3/37      AC:  6    Str: 22    XL:     4   Next: 1%
Magic:  4/4        EV:  9    Int:  8    God:
Gold:   246        SH:  5    Dex: 13    Spells: 3/3 levels left

rFire   . . .      SeeInvis +    a - +0 trident
rCold   . . .      Faith    .    c - +0 buckler
rNeg    . . .      Spirit   .    b - +0 scale mail
rPois   .          Reflect  .    (helmet unavailable)
rElec   .          Harm     .    (no cloak)
rCorr   .          Rampage  .    (no gloves)
Will    .....                    (no boots)
Stlth   ..........               (no amulet)
HPRegen 0.26/turn                (no ring)
MPRegen 0.09/turn                (no ring)

@: no status effects
A: permanent stasis, dig shafts and tunnels, antennae 3, four strong arms
a: Dig, Shaft Self


You were on level 3 of the Dungeon.
You visited 1 branch of the dungeon, and saw 3 of its levels.

You collected 246 gold pieces.

Inventory:

Hand Weapons
 a - a +0 trident (weapon)
Armour
 b - a +0 scale mail (worn)
 c - a +0 buckler (worn)
Scrolls
 g - a scroll of amnesia {unknown}
 h - a scroll of brand weapon {unknown}
 k - a scroll of identify {unknown}
 m - 2 scrolls of teleportation {unknown}
 n - a scroll of poison {unknown}
 p - a scroll of blinking {unknown}
Potions
 d - 2 potions of might
 e - a potion of lignification {unknown}
 f - 2 potions of curing {unknown}
 i - 2 potions of ambrosia {unknown}
 j - a potion of degeneration {unknown}
 o - a potion of invisibility {unknown}


   Skills:
 + Level 3.8 Fighting
 * Level 3.1 Polearms
 - Level 3.2 Armour
 + Level 4.6 Shields


You had 3 spell levels left.
You didn't know any spells.
Your spell library contained the following spells:

 Spells                   Type           Power      Damage    Failure   Level
 Ozocubu's Armour         Ice            0%         N/A       99%         3
 Ozocubu's Refrigeration  Ice            0%         4d7       100%        7


Dungeon Overview and Level Annotations

Branches:
Dungeon (3/15)

Altars:

Annotations:
D:3 Terence


Innate Abilities, Weirdness & Mutations

You cannot be hasted, slowed, berserked, paralysed or teleported.
You can dig through walls and to a lower floor.
You have a pair of large antennae on your head. (SInv)
Your four strong arms can wield two-handed weapons with a shield.


Message History

Unknown command.
Throw: dart (poison)
Press: ? - help, Shift-Dir - straight line, f/p - Terence
Aim: Terence, wielding a +0 flail and wearing a +0 scale mail (61% to hit)
You throw a poisoned dart. The poisoned dart hits Terence.
Terence is poisoned.
Terence hits you with a +0 flail!
Unknown command.
You hit Terence but do no damage. Terence hits you with a +0 flail.
You are too injured to fight recklessly!
You are too injured to fight recklessly!
You are too injured to fight recklessly!
You are too injured to fight recklessly!
You hit Terence.
Terence is lightly wounded.
Terence barely misses you.
You hit Terence.
Terence is moderately wounded.
Terence hits you with a +0 flail!
* * * LOW HITPOINT WARNING * * *
You barely miss Terence.
Terence is heavily wounded.
Terence misses you.
You barely miss Terence.
Terence is heavily wounded.
Terence barely misses you. x2
You barely miss Terence.
Terence is heavily wounded.
Terence looks more healthy.
Terence hits you with a +0 flail.
* * * LOW HITPOINT WARNING * * *
You hit Terence.
Terence is severely wounded.
Terence hits you with a +0 flail.
* * * LOW HITPOINT WARNING * * *
You hit Terence but do no damage.
Terence is severely wounded.
Terence completely misses you.
You barely miss Terence.
Terence is severely wounded.
Terence hits you with a +0 flail!
You die...

.# ....#.# ... #....>.
#.##.###.# ......#.#
##....#.# ##.....#.#
#### #......#..
.#....#########.#....#..
(.....@@................
#.....#..###............
#.......###).#########..
##....### #.## ### #....
### #... #... ###


You could see Terence.

Vanquished Creatures
  An adder (D:2)
  10 ball pythons
  4 endoplasms (D:1)
  2 giant cockroaches (D:1)
  3 goblins
  6 hobgoblins
  A quokka (D:3)
  2 bats
  2 frilled lizards (D:1)
  3 kobolds
  3 rats
37 creatures vanquished.

Vanquished Creatures (others)
  3 toadstools (D:1)
3 creatures vanquished.

Grand Total: 40 creatures vanquished

Notes
Turn   | Place    | Note
-------+----------+-------------------------------------------
     0 | D:1      | Bnni the Formicid Fighter began the quest for the Orb.
     0 | D:1      | Reached XP level 1. HP: 18/18 MP: 1/1
   211 | D:1      | Reached XP level 2. HP: 24/24 MP: 2/2
   400 | D:1      | Reached XP level 3. HP: 29/29 MP: 3/3
  1473 | D:3      | Noticed Terence
  1481 | D:3      | Reached XP level 4. HP: 36/37 MP: 4/4
  1491 | D:3      | Slain by Terence

Illustrated notes

Levels and vault maps discovered:
D:1:      amcnicky_arrival_single_pillar, layout_basic, minmay_gold_behind_fungi
D:2:      layout_rooms
D:3:      layout_rooms, serial_shops, nicolae_lakefront_shop, uniq_terence

Skill      XL: |  1  2  3 |
---------------+----------+-----
Polearms       | 3 |  3.1
Fighting       | |  3.8
Armour         | |  3.2
Shields        | |  4.6

Action                   |  1- 3 |  4- 6 || total
-------------------------+-------+-------++-------
Melee: Trident           |   109 |     9 ||   118
Throw: Dart              |       |     2 ||     2
Armor: Scale mail        |    30 |       ||    30
Dodge: Dodged            |    47 |     5 ||    52
Block: Buckler           |    20 |       ||    20

Table legend: (Time is in decaauts)
 A = Elapsed time spent in this place.
 B = Non-inter-level travel time spent in this place.
 C = Inter-level travel time spent in this place.
 D = Time resting spent in this place.
 E = Time spent auto-exploring this place.
 F = Levels seen in this place.
 G = Mean time per level.
                   A        B        C        D        E       F      G
               +--------+--------+--------+--------+--------+-----+--------+
         Total |   1513 |   1463 |     50 |      0 |   1206 |   3 |  504.3 |
       Dungeon |   1513 |   1463 |     50 |      0 |   1206 |   3 |  504.3 |
               +--------+--------+--------+--------+--------+-----+--------+

Top non-repeatable levels by time:
     D:1: 802 daAuts
     D:2: 622 daAuts
     D:3: 88 daAuts
